[Event "ICCopen2016"]
[Site "Internet Chess Club"]
[Date "2016.06.04"]
[Round "1"]
[White "Xadrez47"]
[Black "DrOussedik"]
[Result "0-1"]
[ICCResult "White resigns"]
[WhiteElo "1432"]
[BlackElo "2132"]
[Opening "French: Steinitz variation"]
[ECO "C11"]
[NIC "FR.04"]
[Time "14:02:54"]
[TimeControl "180+0"]

1. d4 e6 2. Nc3 d5 3. e4 Nf6 4. e5 Nfd7 5. f4 c5 6. Nf3 Nc6 7. Bd3 cxd4 8.
Ne2 Bc5 9. a3 a5 10. O-O f6 11. Qe1 fxe5 12. fxe5 Ndxe5 13. Nxe5 Nxe5 14.
Qg3 Qc7 15. Bf4 Bd6 16. Nxd4 O-O 17. Bxh7+ Kxh7 18. Qh3+ Kg8 19. Nxe6 Bxe6
20. Qxe6+ Nf7 21. Bxd6 Qxd6 22. Qh3 Qc5+ 23. Kh1 Qxc2 24. Rf3 Ng5 25. Rxf8+
Rxf8 26. Qg4 Qxb2 27. Rg1 Qe5 28. h4 Ne4 {White resigns} 0-1

[Event "ICCopen2016"]
[Site "Internet Chess Club"]
[Date "2016.06.04"]
[Round "1"]
[White "Volkov"]
[Black "jbrongkos"]
[Result "1-0"]
[ICCResult "Black checkmated"]
[WhiteElo "2894"]
[BlackElo "1858"]
[Opening "Queen's Pawn"]
[ECO "A41"]
[NIC "QO.17"]
[Time "14:02:35"]
[TimeControl "180+0"]

1. d4 d6 2. Nf3 f5 3. Nc3 Nf6 4. Bg5 Nbd7 5. Qd3 g6 6. e4 fxe4 7. Nxe4 Nxe4
8. Qxe4 Bg7 9. O-O-O Nf6 10. Bxf6 Bxf6 11. Bc4 c6 12. d5 Bf5 13. Qe2 Qb6 14.
c3 c5 15. Bb5+ Kf7 16. Rhe1 a6 17. Bd3 Bd7 18. h4 Kg7 19. h5 Qa5 20. Kb1 b5
21. Qe4 Bf5 22. Qe3 Bxd3+ 23. Rxd3 c4 24. h6+ Kf8 25. Rd2 b4 26. cxb4 Qxb4
27. Rc2 Rb8 28. Ree2 a5 29. g4 c3 30. g5 Be5 31. Nxe5 dxe5 32. Qxe5 Rg8 33.
Qxc3 Qxc3 34. Rxc3 a4 35. d6 exd6 36. Rf3# {Black checkmated} 1-0

[Event "ICCopen2016"]
[Site "Internet Chess Club"]
[Date "2016.06.04"]
[Round "1"]
[White "TasteOflover"]
[Black "leonardoalmeida"]
[Result "1-0"]
[ICCResult "Black forfeits on time"]
[WhiteElo "2859"]
[BlackElo "1841"]
[Opening "Queen's gambit declined"]
[ECO "D30"]
[NIC "QO.17"]
[Time "14:02:42"]
[TimeControl "180+0"]

1. d4 e6 2. c4 d5 3. Nf3 dxc4 4. Qa4+ Nd7 5. Qxc4 a6 6. Bf4 Bd6 7. Bg3 Ngf6
8. Nc3 b5 9. Qd3 Bb7 10. e4 Bxg3 11. hxg3 h6 12. e5 Nd5 13. Ne4 Nb4 14. Qb1
Nb6 15. a3 N4d5 16. Nc5 Bc6 17. Bd3 Qe7 18. Qc2 Nd7 19. Nb3 Bb7 20. Na5 Rb8
21. b4 N7b6 22. Rc1 O-O 23. O-O Ba8 24. Qe2 f6 25. exf6 Qxf6 26. Nc6 Rbe8
27. Nfe5 {Black forfeits on time} 1-0

[Event "ICCopen2016"]
[Site "Internet Chess Club"]
[Date "2016.06.04"]
[Round "1"]
[White "danvenez"]
[Black "Eraser007"]
[Result "0-1"]
[ICCResult "White checkmated"]
[WhiteElo "1494"]
[BlackElo "2176"]
[Opening "King's Indian, 3.Nf3"]
[ECO "E60"]
[NIC "QP.06"]
[Time "14:01:56"]
[TimeControl "180+0"]

1. d4 Nf6 2. Nf3 g6 3. c4 Bg7 4. Bf4 O-O 5. e3 d6 6. Be2 Re8 7. b4 Nfd7 8.
Bg3 e5 9. dxe5 dxe5 10. e4 Qe7 11. Qb3 Nc6 12. a3 Nd4 13. Nxd4 exd4 14. Bd3
Ne5 15. O-O h5 16. Bxe5 Bxe5 17. f4 Bg7 18. e5 c5 19. bxc5 Qxc5 20. Qb4 b6
21. Qxc5 bxc5 22. Nd2 Be6 23. a4 Rab8 24. Rfb1 a5 25. Ne4 Bf5 26. Rb5 Bxe4
27. Bxe4 Red8 28. Bd3 Rxb5 29. axb5 Ra8 30. Ra4 Bf8 31. Kf2 Be7 32. Kf3 Bd8
33. g3 Kf8 34. Ke4 Ke7 35. Kd5 Rc8 36. Be4 Bb6 37. Bd3 Rc7 38. Be4 Rc8 39.
Bd3 Rh8 40. Ke4 h4 41. Kf3 hxg3 42. Kxg3 Bc7 43. h3 g5 44. Bf5 gxf4+ 45.
Kxf4 f6 46. Ke4 fxe5 47. Bg4 Rf8 48. Ra2 Rf4+ 49. Kd5 e4 50. Kxc5 d3 51. Rd2
Be5 52. b6 Kd8 53. b7 Kc7 54. Kd5 Bc3 55. Rg2 Kxb7 56. c5 e3 57. c6+ Kc7 58.
Ra2 Rf2 59. Rxa5 Bxa5 60. Ke4 e2 61. Bxe2 dxe2 62. Kd4 e1=Q 63. Kd3 Rd2+ 64.
Kc4 Qc1+ 65. Kb3 Rb2+ 66. Ka3 Qa1# {White checkmated} 0-1

[Event "ICCopen2016"]
[Site "Internet Chess Club"]
[Date "2016.06.04"]
[Round "1"]
[White "Rammstein"]
[Black "FlashGordon"]
[Result "1-0"]
[ICCResult "Black forfeits on time"]
[WhiteElo "2161"]
[BlackElo "1423"]
[Opening "English opening"]
[ECO "A20"]
[NIC "EO.24"]
[Time "14:02:43"]
[TimeControl "180+0"]

1. c4 e5 2. g3 Nc6 3. Bg2 f5 4. d3 Bc5 5. a3 a5 6. Nc3 Nf6 7. e3 d6 8. Nge2
f4 9. gxf4 O-O 10. O-O Qe8 11. fxe5 dxe5 12. Ng3 Qg6 13. Nce4 Ng4 14. Nxc5
Qh6 15. h3 {Black forfeits on time} 1-0

[Event "ICCopen2016"]
[Site "Internet Chess Club"]
[Date "2016.06.04"]
[Round "1"]
[White "Saniser"]
[Black "dafresh"]
[Result "1-0"]
[ICCResult "Black checkmated"]
[WhiteElo "1609"]
[BlackElo "2229"]
[Opening "French: Burn variation"]
[ECO "C11"]
[NIC "FR.05"]
[Time "14:02:17"]
[TimeControl "180+0"]

1. e4 e6 2. d4 d5 3. Nc3 Nf6 4. Bg5 dxe4 5. Nxe4 Be7 6. Bxf6 gxf6 7. Nf3 a6
8. Bd3 b5 9. O-O Bb7 10. a4 b4 11. Re1 Nd7 12. c4 f5 13. Ng3 Nf6 14. Bxf5 h5
15. Bc2 h4 16. Ne4 h3 17. g3 Ng4 18. d5 exd5 19. Qd4 Rg8 20. Neg5 Nh6 21.
Rad1 Qd6 22. c5 Qd7 23. Ne5 Qd8 24. Ngf3 c6 25. Qxb4 Qc7 26. Nd4 O-O-O 27.
Bd3 a5 28. Qc3 Ng4 29. Nexc6 Bxc6 30. Nxc6 Qxc6 31. Bf5+ Kb7 32. Qb3+ Ka7
33. Rxe7+ Ka8 34. Qc3 Qa6 35. c6 Rc8 36. Bd3 Qxc6 37. Qxa5+ Kb8 38. Qa7#
{Black checkmated}
1-0

[Event "ICCopen2016"]
[Site "Internet Chess Club"]
[Date "2016.06.04"]
[Round "1"]
[White "PolishRyszard"]
[Black "Valai"]
[Result "0-1"]
[ICCResult "White forfeits on time"]
[WhiteElo "1699"]
[BlackElo "2543"]
[Opening "Vienna game"]
[ECO "C25"]
[NIC "VG.04"]
[Time "14:02:33"]
[TimeControl "180+0"]

1. e4 e5 2. Nc3 g6 3. f4 exf4 4. Nf3 Bg7 5. d4 g5 6. Bc4 d6 7. h4 g4 8. Ng5
Nh6 9. Bxf4 Nc6 10. Be3 O-O 11. O-O Na5 12. Qe2 Nxc4 13. Qxc4 c6 14. Rae1
Qe7 15. d5 c5 16. a4 a6 17. a5 Kh8 18. g3 Bd7 19. Bf4 Be5 20. Bxe5+ Qxe5 21.
Qd3 Rae8 22. Kh2 f6 23. Rf4 fxg5 24. hxg5 Rxf4 25. gxf4 Qxf4+ 26. Qg3 Qxg3+
27. Kxg3 Nf7 28. Kf4 Rf8 29. Rh1 Ne5+ {White forfeits on time} 0-1

[Event "ICCopen2016"]
[Site "Internet Chess Club"]
[Date "2016.06.04"]
[Round "1"]
[White "Kakarotto"]
[Black "Piranha"]
[Result "1-0"]
[ICCResult "Black forfeits on time"]
[WhiteElo "2649"]
[BlackElo "1740"]
[Opening "Dutch defense"]
[ECO "A84"]
[NIC "HD.10"]
[Time "14:02:43"]
[TimeControl "180+0"]

1. d4 f5 2. c4 Nf6 3. Nf3 g6 4. Bf4 Bg7 5. e3 d6 6. Nc3 O-O 7. c5 c6 8. cxd6
exd6 9. Qb3+ Kh8 10. h4 h6 11. Be2 Na6 12. O-O-O Ng4 13. Rdf1 Qa5 14. Nd2 d5
15. f3 Nf6 16. Be5 Nh5 17. g4 Nf6 18. Kb1 fxg4 19. Bxf6 Rxf6 20. fxg4 Rxf1+
21. Rxf1 Be6 22. Qxb7 Rb8 23. Qxc6 Bg8 24. Nb3 Nb4 25. Nxa5 Nxc6 26. Nxc6
Rb6 27. Ne7 Be6 28. Nexd5 {Black forfeits on time} 1-0

[Event "ICCopen2016"]
[Site "Internet Chess Club"]
[Date "2016.06.04"]
[Round "1"]
[White "AaronArrowood"]
[Black "Chanikya"]
[Result "1-0"]
[ICCResult "Black checkmated"]
[WhiteElo "1819"]
[BlackElo "2732"]
[Opening "Queen's pawn game, Chigorin variation"]
[ECO "A40"]
[NIC "QO.17"]
[Time "14:01:40"]
[TimeControl "180+0"]

1. d4 Nc6 2. Nf3 d5 3. c4 Bg4 4. Nc3 e6 5. Bf4 Bb4 6. e3 Nge7 7. Be2 Ng6 8.
Bg3 dxc4 9. Bxc4 O-O 10. O-O e5 11. dxe5 Bxc3 12. bxc3 Qe7 13. Be2 Bxf3 14.
Bxf3 Ngxe5 15. Be2 Rfd8 16. Qb3 Na5 17. Qb4 Nec6 18. Qg4 Kh8 19. Rfd1 Ne5
20. Qe4 f6 21. Bxe5 Qxe5 22. Qxe5 fxe5 23. Rxd8+ Rxd8 24. Rd1 Rxd1+ 25. Bxd1
Kg8 26. Bf3 Kf7 27. Kf1 Ke6 28. Ke2 b6 29. Kd3 Kd6 30. Be4 h6 31. h4 Kc5 32.
Bf5 Kd5 33. Bg6 c6 34. Bf7+ Kd6 35. Ke4 b5 36. Kf5 Nb7 37. Kg6 c5 38. Kxg7
c4 39. Kxh6 Nd8 40. Bg6 Kd5 41. Bc2 a5 42. Kg7 b4 43. cxb4 axb4 44. h5 Ke6
45. h6 Nf7 46. h7 Ke7 47. h8=Q Nxh8 48. Kxh8 Kf6 49. Kh7 Kg5 50. Kg7 e4 51.
Bxe4 b3 52. axb3 cxb3 53. Bb1 Kg4 54. Kf6 Kh4 55. Ke5 Kg4 56. Kd4 Kg5 57.
Kc3 Kf6 58. Kxb3 Ke5 59. Kc4 Kd6 60. e4 Ke5 61. g3 Kf6 62. f4 Ke6 63. Kd4
Kf6 64. e5+ Ke6 65. Ke4 Ke7 66. f5 Kf7 67. Kd5 Ke7 68. e6 Kf6 69. Kd6 Kg5
70. e7 Kf6 71. e8=Q Kg5 72. Qg6# {Black checkmated} 1-0

[Event "ICCopen2016"]
[Site "Internet Chess Club"]
[Date "2016.06.04"]
[Round "1"]
[White "ardapro"]
[Black "Providence"]
[Result "0-1"]
[ICCResult "White forfeits on time"]
[WhiteElo "1629"]
[BlackElo "2350"]
[Opening "Old Benoni defense"]
[ECO "A43"]
[NIC "OI.09"]
[Time "14:01:42"]
[TimeControl "180+0"]

1. d4 c5 2. dxc5 e6 3. e4 Bxc5 4. Nc3 a6 5. Be2 b5 6. a3 Qb6 7. Nh3 Bb7 8.
O-O Bd4 9. Qd3 Nf6 10. Be3 Bxe3 11. fxe3 Nc6 12. Nf2 Rc8 13. Rad1 Ne5 14.
Qd4 Qc5 15. Nd3 Qxd4 16. exd4 Nc4 17. Rf3 Nxe4 18. Nxe4 Bxe4 19. Rg3 d6 20.
b3 Nxa3 21. Ra1 Nxc2 22. Rxa6 Nxd4 23. Bf1 Kd7 24. Rxg7 Bg6 25. Nf4 Rhg8 26.
Rxg8 Rxg8 27. Nxg6 hxg6 28. Ra7+ Kc6 {White forfeits on time} 0-1

[Event "ICCopen2016"]
[Site "Internet Chess Club"]
[Date "2016.06.04"]
[Round "1"]
[White "catman"]
[Black "Bochkarev"]
[Result "0-1"]
[ICCResult "White checkmated"]
[WhiteElo "1794"]
[BlackElo "2799"]
[Opening "Queen's gambit declined"]
[ECO "D30"]
[NIC "QP.08"]
[Time "14:02:15"]
[TimeControl "180+0"]

1. d4 d5 2. c4 e6 3. Nf3 c6 4. e3 Bd6 5. Nc3 f5 6. Bd3 Nf6 7. O-O O-O 8. Nd2
b6 9. f3 Bc7 10. Qe2 Kh8 11. Kh1 a5 12. e4 fxe4 13. fxe4 dxc4 14. Nxc4 b5
15. Ne5 b4 16. Nd1 Qxd4 17. Nf3 Qd8 18. e5 Nd5 19. Qe4 g6 20. Bg5 Qe8 21.
Ne3 Ba6 22. Bxa6 Nxa6 23. Nxd5 cxd5 24. Qh4 Nc5 25. Bf6+ Kg8 26. Ng5 h5 27.
Qg3 Ne4 28. Nxe4 dxe4 29. h3 Kh7 30. Rae1 Rc8 31. Rxe4 Bb6 32. Rh4 Rg8 33.
Qf4 Qf7 34. Qg5 Rc2 35. g4 Qb7+ 36. Rf3 Qxf3# {White checkmated} 0-1

[Event "ICCopen2016"]
[Site "Internet Chess Club"]
[Date "2016.06.04"]
[Round "1"]
[White "Alfiavl"]
[Black "Creedence"]
[Result "0-1"]
[ICCResult "White resigns"]
[WhiteElo "1988"]
[BlackElo "3085"]
[Opening "King's Indian: Torre attack"]
[ECO "A48"]
[NIC "QP.01"]
[Time "14:02:57"]
[TimeControl "180+0"]

1. d4 Nf6 2. Nf3 g6 3. Bg5 Bg7 4. Nbd2 O-O 5. e4 d6 6. Be2 Nc6 7. O-O h6 8.
Bxf6 Bxf6 9. c3 e5 10. d5 Ne7 11. Re1 Bg7 12. Nf1 f5 13. Bd3 f4 14. c4 g5
15. c5 g4 16. N3d2 Ng6 17. cxd6 cxd6 18. Nc4 h5 19. f3 Kh8 20. Rc1 Rg8 21.
Qc2 Nh4 22. fxg4 Bxg4 23. Na3 Bh6 24. Qc7 Qg5 25. Rc2 Nf3+ 26. Kf2 Nxe1 27.
Kxe1 f3 28. g3 f2+ 29. Kxf2 Raf8+ 30. Ke1 Bh3 31. Nc4 Bxf1 32. Bxf1 Rf6 33.
Qe7 Rxf1+ {White resigns} 0-1

[Event "ICCopen2016"]
[Site "Internet Chess Club"]
[Date "2016.06.04"]
[Round "1"]
[White "Zebbile"]
[Black "EirikG"]
[Result "0-1"]
[ICCResult "White resigns"]
[WhiteElo "1719"]
[BlackElo "2564"]
[Opening "King's Indian: London system"]
[ECO "A48"]
[NIC "QP.03"]
[Time "14:03:12"]
[TimeControl "180+0"]

1. Nf3 g6 2. d4 Nf6 3. Bf4 Bg7 4. e3 O-O 5. Be2 d6 6. O-O c5 7. c3 Be6 8. h3
Qb6 9. Qc1 Nc6 10. Nbd2 Rac8 11. dxc5 Qxc5 12. Nd4 Bd7 13. Bf3 e5 14. N2b3
Qb6 15. Nxc6 bxc6 16. Bg5 d5 17. Rd1 Be6 18. Bxf6 Bxf6 19. Bg4 Bxg4 20. hxg4
a5 21. Nd2 e4 22. Nf1 a4 23. a3 Rb8 24. Rb1 Rfd8 25. Qd2 Be5 26. g3 Qb7 27.
Nh2 Kg7 28. Kg2 Rh8 29. Nf1 h5 30. gxh5 Qd7 31. Qe2 Rxh5 32. g4 Rh4 33. Ng3
Rxg4 34. Rh1 Qd6 35. Rh3 f5 36. Rbh1 Kf6 37. Rh7 Bxg3 38. fxg3 Qxg3+ 39. Kf1
f4 40. Rh8 f3 41. Qf2 Qxf2+ 42. Kxf2 Rxb2+ 43. Kf1 Rgg2 {White resigns} 0-1

[Event "ICCopen2016"]
[Site "Internet Chess Club"]
[Date "2016.06.04"]
[Round "1"]
[White "ponte2"]
[Black "WhiteMoon"]
[Result "0-1"]
[ICCResult "White forfeits on time"]
[WhiteElo "1323"]
[BlackElo "2050"]
[Opening "Queen's pawn game"]
[ECO "A46"]
[NIC "QP.06"]
[Time "14:02:17"]
[TimeControl "180+0"]

1. d4 Nf6 2. Nf3 c5 3. Bf4 cxd4 4. Nxd4 Nc6 5. Nxc6 bxc6 6. e3 g6 7. c3 Bg7
8. Be2 O-O 9. Nd2 a5 10. h3 Ba6 11. O-O Bxe2 12. Qxe2 Qb6 13. Rab1 d6 14. g4
Nd5 15. Bg3 Rfb8 16. e4 Nf6 17. Nc4 Qa6 18. b3 d5 19. Bxb8 Rxb8 20. exd5
cxd5 21. Qe5 Rc8 22. Ne3 e6 23. Rbc1 Ne4 24. Qf4 Nxc3 25. Kg2 Ra8 26. Rc2 h6
27. h4 Qd3 28. Rcc1 Ne2 29. Qc7 Nxc1 30. Rxc1 Qe4+ 31. Kg1 d4 32. Nc4 Qxg4+
33. Kf1 Qxh4 34. Nd6 Rf8 35. a4 Be5 36. Re1 Qh3+ {White forfeits on time}
0-1

[Event "ICCopen2016"]
[Site "Internet Chess Club"]
[Date "2016.06.04"]
[Round "1"]
[White "eternalwarrior"]
[Black "hedgie"]
[Result "0-1"]
[ICCResult "White forfeits on time"]
[WhiteElo "1396"]
[BlackElo "2114"]
[Opening "Sicilian: Alapin's variation (2.c3)"]
[ECO "B22"]
[NIC "SI.46"]
[Time "14:02:44"]
[TimeControl "180+0"]

1. e4 c5 2. c3 e5 3. Nf3 Nc6 4. d4 cxd4 5. cxd4 exd4 6. Nxd4 Bc5 7. Nxc6
bxc6 8. Be2 Ne7 9. O-O O-O 10. Nc3 Ng6 11. Kh1 d6 12. f4 f5 13. Qc2 Kh8 14.
a3 a5 15. Bd2 Bd4 16. Rad1 c5 17. Bf3 Rb8 18. Bc1 Nh4 19. Ne2 Nxf3 20. Rxf3
fxe4 21. Rh3 Bxh3 22. gxh3 Bf6 23. Qxe4 Re8 24. Qf3 Qe7 25. Ng3 g6 26. Rg1
Qe6 27. f5 gxf5 28. Nxf5 Rbd8 29. Qh5 Qd5+ {White forfeits on time} 0-1

[Event "ICCopen2016"]
[Site "Internet Chess Club"]
[Date "2016.06.04"]
[Round "1"]
[White "El-Kaiser"]
[Black "pulpocybort"]
[Result "1-0"]
[ICCResult "Black checkmated"]
[WhiteElo "2361"]
[BlackElo "1594"]
[Opening "Benoni: Taimanov variation"]
[ECO "A67"]
[NIC "BI.33"]
[Time "14:01:50"]
[TimeControl "180+0"]

1. d4 Nf6 2. c4 c5 3. d5 e6 4. Nc3 exd5 5. cxd5 d6 6. e4 g6 7. f4 Bg7 8.
Bb5+ Nfd7 9. a4 O-O 10. Nf3 Na6 11. O-O Nb4 12. Re1 a6 13. Bf1 Re8 14. h3 a5
15. Be3 Nb6 16. Bf2 Bd7 17. Bg3 f5 18. e5 Bc8 19. Bb5 Bd7 20. Bh4 Qc8 21.
Bf1 Qb8 22. Bg3 Qd8 23. Qd2 Bc8 24. Bb5 Bd7 25. Bh4 Qc8 26. Bf1 c4 27. Bf2
Qc7 28. e6 Bc8 29. Nb5 Qd8 30. Bh4 Bf6 31. Bxf6 Qxf6 32. Nxd6 Bxe6 33. Nxe8
Rxe8 34. dxe6 N4d5 35. Rad1 Rxe6 36. Rxe6 Qxe6 37. Bxc4 Qc6 38. Bxd5+ Nxd5
39. Qxd5+ Qxd5 40. Rxd5 Kg7 41. Rd7+ Kf6 42. Ne5 Ke6 43. Rxb7 Kd5 44. Rxh7
Ke4 45. Rc7 Kxf4 46. Nxg6+ Kg3 47. Ne7 Kf4 48. Rc5 Kg3 49. Rxf5 Kh4 50. Rxa5
Kg3 51. Rf5 Kh4 52. a5 Kg3 53. a6 Kh4 54. a7 Kg3 55. a8=Q Kh4 56. Qh8+ Kg3
57. Rf3# {Black checkmated} 1-0

[Event "ICCopen2016"]
[Site "Internet Chess Club"]
[Date "2016.06.04"]
[Round "1"]
[White "vidalnovich"]
[Black "B-Alqudaimi"]
[Result "0-1"]
[ICCResult "White resigns"]
[WhiteElo "1635"]
[BlackElo "2439"]
[Opening "Budapest: Adler variation"]
[ECO "A52"]
[NIC "QG.01"]
[Time "14:03:06"]
[TimeControl "180+0"]

1. d4 Nf6 2. c4 e5 3. dxe5 Ng4 4. Nf3 Nc6 5. Nc3 Bb4 6. e3 Bxc3+ 7. bxc3
Ngxe5 8. Be2 d6 9. O-O O-O 10. Nd4 Na5 11. Qa4 b6 12. f4 Bd7 13. Nb5 Nexc4
14. Bxc4 a6 15. Be2 axb5 16. Bxb5 Nb7 17. Qb4 Bxb5 18. Qxb5 Nc5 19. a4 Qe8
20. Bd2 Nxa4 21. Qxe8 Rfxe8 22. Kf2 Nb2 23. Rxa8 Rxa8 24. e4 Ra2 25. Kf3 Nc4
26. Bc1 Rc2 27. f5 Rxc3+ 28. Kf4 f6 29. Rd1 Kf7 30. g3 Ne5 31. Rf1 Rxc1 32.
Rxc1 Nd3+ {White resigns} 0-1

[Event "ICCopen2016"]
[Site "Internet Chess Club"]
[Date "2016.06.04"]
[Round "1"]
[White "kvicc"]
[Black "welo1969"]
[Result "0-1"]
[ICCResult "White checkmated"]
[WhiteElo "2164"]
[BlackElo "1538"]
[Opening "Sicilian: Anderssen variation"]
[ECO "B41"]
[NIC "SI.41"]
[Time "14:02:25"]
[TimeControl "180+0"]

1. e4 c5 2. Nf3 e6 3. d4 cxd4 4. Nxd4 Nf6 5. Nc3 Nc6 6. Nxc6 bxc6 7. Bd3 d5
8. exd5 cxd5 9. O-O Be7 10. Bf4 O-O 11. Nb5 Ba6 12. Re1 Bxb5 13. Bxb5 Qb6
14. a4 a6 15. Be3 Qb7 16. Bd3 Qxb2 17. Bd4 Qb7 18. Qf3 Rfc8 19. Qh3 h6 20.
Rab1 Qc6 21. Rb6 Qxa4 22. c3 Ne4 23. Bxe4 dxe4 24. Qg4 Bf8 25. Qxe4 Bc5 26.
Rb7 Bxd4 27. cxd4 Qc6 28. Qxc6 Rxc6 29. Rd7 a5 30. f3 a4 31. Kf2 a3 32. Ra1
Rc2+ 33. Kg3 a2 34. Rb7 Rd8 35. Rb4 e5 36. dxe5 Rdd2 37. Kf4 Rxg2 38. h4 h5
39. Rb8+ Kh7 40. Rb7 Rb2 41. Rxb2 Rxb2 42. Kg5 g6 43. Kf6 Kg8 44. Kg5 Kg7
45. Kf4 Kf8 46. Kg5 Ke7 47. Kf4 Ke6 48. Ke4 Rb4+ 49. Ke3 Ra4 50. f4 Kf5 51.
Kf3 Rxf4+ 52. Kg3 Ra4 53. Kf3 Kxe5 54. Kg3 Kd4 55. Kf3 Kc3 56. Ke2 Kb2 57.
Rd1 a1=Q 58. Rd2+ Kc3 59. Rd3+ Kc4 60. Rf3 Ra2+ 61. Ke3 Qd4# {White
checkmated} 0-1

[Event "ICCopen2016"]
[Site "Internet Chess Club"]
[Date "2016.06.04"]
[Round "1"]
[White "jefferyx"]
[Black "cloak1"]
[Result "1-0"]
[ICCResult "Black forfeits on time"]
[WhiteElo "2700"]
[BlackElo "1767"]
[Opening "Polish (Sokolsky) opening"]
[ECO "A00"]
[NIC "VO.10"]
[Time "14:02:30"]
[TimeControl "180+0"]

1. b4 e5 2. a3 a5 3. b5 d5 4. Bb2 d4 5. Nf3 Bd6 6. e3 dxe3 7. dxe3 Qe7 8.
Bc4 Nf6 9. O-O O-O 10. Nc3 Bg4 11. h3 Bxf3 12. Qxf3 e4 13. Qf5 Qe5 14. Qxe5
Bxe5 15. Na4 Bxb2 16. Nxb2 Nbd7 17. Na4 Ne5 18. Bb3 b6 19. Rad1 Rad8 20. Rd4
Rxd4 21. exd4 Ng6 22. Re1 Rd8 23. c3 Kf8 24. g3 Ne7 25. Bc2 Ned5 26. Bxe4
Re8 27. f3 Nh5 28. Kf2 Ndf6 29. c4 Nd7 30. Nc3 Nhf6 31. Bc6 Rd8 32. g4 Nb8
33. d5 Nxc6 34. bxc6 Ne8 35. Nb5 Rc8 36. f4 Nd6 37. Nxd6 cxd6 38. Rb1 Rb8
39. Ke3 Ke7 40. c7 Rc8 41. Rxb6 Rxc7 42. Kd4 Ra7 43. a4 Kd7 44. f5 f6 45. h4
g6 46. c5 dxc5+ 47. Kxc5 gxf5 48. gxf5 Rc7+ 49. Rc6 Rb7 50. Rxf6 Rb4 51.
Rf7+ Ke8 52. Rxh7 Rxa4 53. Kd6 Rf4 54. Ke5 Rf1 55. Ra7 Rh1 56. Ke6 Re1+ 57.
Kf6 Rd1 58. Rxa5 Kd7 59. h5 Kd6 60. h6 Rh1 61. Kg7 Rg1+ 62. Kf7 Rh1 63. Rb5
Ke5 64. f6 Rxh6 65. d6+ Kxd6 66. Kg7 Rh1 67. f7 Rg1+ 68. Kf6
{Black forfeits on time}
1-0

[Event "ICCopen2016"]
[Site "Internet Chess Club"]
[Date "2016.06.04"]
[Round "1"]
[White "dineshsharma"]
[Black "luke-skywalker"]
[Result "1-0"]
[ICCResult "Black checkmated"]
[WhiteElo "2418"]
[BlackElo "1621"]
[Opening "Ruy Lopez: closed defense"]
[ECO "C84"]
[NIC "RL.13"]
[Time "14:02:00"]
[TimeControl "180+0"]

1. e4 e5 2. Nf3 Nc6 3. Bb5 a6 4. Ba4 Nf6 5. O-O Be7 6. d3 b5 7. Bb3 O-O 8.
a4 Bb7 9. c3 d6 10. Bc2 Qd7 11. Re1 Rfe8 12. Nbd2 Bf8 13. Nf1 g6 14. Ne3 Bg7
15. h3 Rf8 16. Bb3 Kh8 17. Bc2 Rad8 18. axb5 axb5 19. Nf1 Qe6 20. d4 exd4
21. cxd4 Qe7 22. d5 Ne5 23. Nd4 Nfd7 24. Nxb5 Nc5 25. Ra7 Ra8 26. Rxa8 Rxa8
27. Nd4 Ra1 28. Qe2 Ba6 29. Qe3 Nc4 30. Qc3 Qe5 31. Nb3 Qxc3 32. bxc3 Bxc3
33. Nxa1 Bxe1 34. Nb3 Nxb3 35. Bxb3 Bc3 36. Bc2 Bd4 37. g3 Ne5 38. Kg2 Be2
39. Nd2 Kg7 40. f4 Nc4 41. Nf3 Ne3+ 42. Kf2 Nxc2+ 43. Kxe2 Bf6 44. Kd3 Nb4+
45. Kc4 Na2 46. Bd2 Bb2 47. Kb3 Nc1+ 48. Kxb2 Ne2 49. g4 h5 50. g5 f6 51. h4
fxg5 52. fxg5 Ng3 53. e5 dxe5 54. Nxe5 Nf5 55. Nf3 Kf7 56. Kc3 Ke7 57. Kc4
Kd6 58. Bb4+ Kd7 59. Ne5+ Kd8 60. Nxg6 Kc8 61. Be1 Ne3+ 62. Kc5 Kb7 63. Bf2
Ng4 64. Bg3 Ne3 65. Nf4 Nf5 66. Bf2 c6 67. dxc6+ Kc8 68. Nxh5 Ne7 69. Nf6
Ng6 70. h5 Nh8 71. g6 Kd8 72. Kd6 Kc8 73. g7 Nf7+ 74. Ke7 Kc7 75. Kxf7 Kxc6
76. g8=Q Kb5 77. Qc8 Kb4 78. Qc5+ Ka4 79. Bg3 Kb3 80. Nd5 Kb2 81. Qc3+ Ka2
82. Qb4 Ka1 83. Be5+ Ka2 84. Qb2# {Black checkmated} 1-0

[Event "ICCopen2016"]
[Site "Internet Chess Club"]
[Date "2016.06.04"]
[Round "1"]
[White "BigCol"]
[Black "supermouse"]
[Result "0-1"]
[ICCResult "White checkmated"]
[WhiteElo "1753"]
[BlackElo "2679"]
[Opening "Queen's Pawn"]
[ECO "A41"]
[NIC "QO.17"]
[Time "14:01:57"]
[TimeControl "180+0"]

1. d4 d6 2. Nf3 Nf6 3. h3 g6 4. Bf4 Bg7 5. e3 O-O 6. Be2 Nbd7 7. O-O c6 8.
c3 Qb6 9. Qb3 Re8 10. Nbd2 e5 11. dxe5 dxe5 12. Bg3 Nh5 13. Bh2 Nc5 14. Qxb6
axb6 15. a3 b5 16. Rad1 Na4 17. Rb1 Bf5 18. e4 Be6 19. c4 Nf4 20. Bxf4 exf4
21. cxb5 Bxb2 22. bxc6 bxc6 23. Bc4 Bxa3 24. Bxe6 Rxe6 25. Rb7 Nc5 26. Rc7
Nxe4 27. Nxe4 Rxe4 28. Rxc6 Bb2 29. Rd1 Re2 30. Rc7 Bf6 31. Rdd7 Rf8 32. Kf1
Ra2 33. Nd4 Bh4 34. f3 Re8 35. Rc1 Rd2 36. Rd6 Re5 37. Rd7 h5 38. Rd6 Kg7
39. Rb1 Kh7 40. Nb5 Rf2+ 41. Kg1 Ree2 42. Rd7 Rxg2+ 43. Kh1 Rh2+ 44. Kg1
Reg2+ 45. Kf1 Kg7 46. Nd6 Rf2+ 47. Kg1 Rhg2+ 48. Kh1 Rg3 49. Rxf7+ Kh6 50.
Re7 Bxe7 51. Ne4 Rxh3+ 52. Kg1 Rfxf3 53. Kg2 Re3 54. Nf2 Rhg3+ 55. Kf1 Bc5
56. Rb5 Ref3 57. Ke1 Rxf2 58. Kd1 Rh2 59. Rxc5 Rg1# {White checkmated} 0-1

[Event "ICCopen2016"]
[Site "Internet Chess Club"]
[Date "2016.06.04"]
[Round "1"]
[White "paulohaddad"]
[Black "amirrezap"]
[Result "1-0"]
[ICCResult "Black forfeits on time"]
[WhiteElo "1655"]
[BlackElo "2388"]
[Opening "Torre attack (Tartakower variation)"]
[ECO "D03"]
[NIC "QP.08"]
[Time "14:01:46"]
[TimeControl "180+0"]

1. d4 d5 2. Nf3 Nf6 3. Bg5 c6 4. Nbd2 Qb6 5. b3 Bf5 6. c3 Nbd7 7. e3 e6 8.
Be2 Qa5 9. b4 Qb6 10. O-O Bd6 11. a4 O-O 12. Nh4 Bg6 13. Nxg6 hxg6 14. Bd3
Qc7 15. f4 a5 16. b5 c5 17. Rc1 Rac8 18. Bb1 Nb6 19. Bxf6 gxf6 20. Kh1 cxd4
21. cxd4 Qxc1 22. Qxc1 Rxc1 23. Rxc1 Nxa4 24. Nb3 b6 25. Rc6 Bb4 26. Bc2 Rb8
27. Nc1 Nb2 28. Nd3 Nc4 29. Nxb4 axb4 30. Bb3 Nxe3 31. Kg1 Nf5 32. Rc7 Nxd4
33. Bd1 b3 34. Rc1 Nxb5 35. Bxb3 Nd4 36. Bd1 b5 37. Kf2 b4 38. Ke3 e5 39.
Rb1 b3 40. fxe5 fxe5 41. Kd3 f5 42. Kc3 f4 43. Bf3 {Black forfeits on time}
1-0

[Event "ICCopen2016"]
[Site "Internet Chess Club"]
[Date "2016.06.04"]
[Round "1"]
[White "nicetry"]
[Black "kaimann"]
[Result "0-1"]
[ICCResult "White forfeits on time"]
[WhiteElo "1211"]
[BlackElo "1985"]
[Opening "Old Indian: Tartakower (Wade) variation"]
[ECO "A41"]
[NIC "QO.17"]
[Time "14:02:57"]
[TimeControl "180+0"]

1. d4 d6 2. Nf3 Bg4 3. Nbd2 Nd7 4. e3 e5 5. Be2 Ngf6 6. c3 Be7 7. b3 O-O 8.
Bb2 c6 9. h3 Bh5 10. g4 Bg6 11. Nh4 Be4 12. f3 Bd5 13. Nf5 Be6 14. Nxe7+
Qxe7 15. Qc2 exd4 16. cxd4 Nd5 17. Qd3 Qh4+ 18. Kd1 Rfe8 19. a3 N7b6 20. Ne4
Rad8 21. Kc2 f5 22. gxf5 Bxf5 23. Rag1 Rxe4 24. fxe4 Bxe4 25. Rg4 Bxd3+ 26.
Bxd3 Qf2+ 27. Kb1 Nxe3 28. Rgg1 Ned5 29. Rf1 Qe3 30. Bc2 Rf8 31. Re1 Qf3 32.
Rhg1 g6 33. h4 Nf4 34. Rgf1 Qh5 35. Bc1 Nbd5 36. Bxf4 Nxf4 37. Re4 Qxh4 38.
Rfe1 Rf7 39. Re8+ Kg7 40. R8e4 g5 {White forfeits on time} 0-1